[Event "Czech Youth U14 Boys 2024"]
[Site "Kouty nad Desnou"]
[Date "2024.03.11"]
[Round "4.1"]
[White "Svadlenka, Michal"]
[Black "Soucek, Andrej"]
[Result "1/2-1/2"]
[ECO "C50"]
[WhiteElo "1869"]
[BlackElo "1825"]
[Annotator "NA RC"]
[PlyCount "73"]
[EventDate "2024.03.10"]
[EventType "swiss"]
[EventCountry "CZE"]
[SourceTitle "playchess.com"]
[Source "ChessBase"]
[SourceQuality "1"]
[TimeControl "40/5400+30:1800+30"]

1. e4 e5 2. Nf3 Nc6 3. Bc4 Nf6 4. d3 Bc5 5. c3 a6 6. Bb3 d6 7. Nbd2 Ba7 8. Nf1 Be6 {[%emt 0:02:40] C54: Giuoco Piano: 4 c3 Nf6, main lines with 5 d4 and 5 d3.} 9. Ng3 d5 {[%emt 0:16:03] 9...Qd7 is setting a new trend.} (9... h6 $11 {feels stronger.}) 10. O-O $146 (10. Bg5 $14) ({Predecessor:} 10. Qe2 O-O 11. Bg5 d4 12. Nh5 Nxh5 13. Bxd8 Nf4 14. Qc2 Raxd8 15. Bxe6 fxe6 16. O-O dxc3 17. bxc3 Rxd3 {1-0 Gokerkan,C (2452)-Jones,G (2688) Chess24 Banter Blitz Cup 2019 (1.11)}) 10... Qd7 11. exd5 Bxd5 12. Be3 Bxe3 13. fxe3 O-O 14. d4 exd4 15. exd4 Rae8 16. Bxd5 Qxd5 17. Qd3 Qe6 18. Rfe1 Qd7 19. b3 Rxe1+ 20. Rxe1 Re8 21. Ne4 Nxe4 22. Rxe4 Rxe4 23. Qxe4 f6 24. d5 Ne7 25. c4 c6 26. dxc6 Nxc6 27. Kf2 Qe7 28. Qxe7 Nxe7 29. Ke3 Kf7 30. Kd4 Ke6 31. g4 ({White should try} 31. Kc5 $16 Nc8 32. a4) 31... Kd6 32. a3 g6 33. b4 Nc6+ 34. Ke4 b6 $11 35. h4 Nd8 36. h5 Nc6 37. hxg6 1/2-1/2

[Event "Czech Youth U14 Boys 2024"]
[Site "Kouty nad Desnou"]
[Date "2024.03.11"]
[Round "4.2"]
[White "Popov, Roman"]
[Black "Mydlar, Matej"]
[Result "1/2-1/2"]
[ECO "A30"]
[WhiteElo "2353"]
[BlackElo "1819"]
[Annotator "TA"]
[PlyCount "66"]
[EventDate "2024.03.10"]
[EventType "swiss"]
[EventCountry "CZE"]
[SourceTitle "playchess.com"]
[Source "ChessBase"]
[SourceQuality "1"]
[TimeControl "40/5400+30:1800+30"]

1. c4 c5 2. Nf3 g6 3. d4 cxd4 4. Nxd4 Bg7 5. Nc3 Nc6 6. Nc2 Nf6 7. g3 O-O 8. Bg2 d6 9. O-O Bd7 10. b3 Rc8 11. Bb2 Qc7 12. Qd2 Rfe8 13. Ne3 Qb8 {[%emt 0:05:23] Weiß steht etwas besser.} 14. Rad1 Ne5 15. Ncd5 Nxd5 16. Nxd5 (16. Qxd5 b5 $11) 16... b5 17. cxb5 {[%emt 0:08:31] Weiß steht aktiver.} (17. f4 $14 Nc6 18. Bxg7 Kxg7 19. Qe3) 17... Bxb5 18. Rc1 Ba6 19. Qa5 Bxe2 20. Rxc8 Qxc8 21. Rc1 Qf5 {[%emt 0:02:10] [#]} (21... Qb8 $11) 22. Nxe7+ $1 $16 Rxe7 23. Qd8+ Bf8 {[%emt 0:03:38] ...Nd3 wäre nun fies.} 24. Rc8 $1 $36 {[%emt 0:00:14][%csl Gc8][%cal Rd8f8][%mdl 2048] Schwarz muss aufpassen.} Qb1+ $2 (24... Nd7 $16 {war angesagt.} 25. Qxe7 Ba6 (25... Qb1+ $2 26. Bc1 $18) 26. Rxf8+ Nxf8) 25. Bc1 $18 Kg7 (25... Nd7 $142 26. Qxe7 Qxc1+ 27. Rxc1 Bxe7) 26. Qxf8+ Kf6 27. Bh3 $2 ({Der einzige Zug:} 27. Rc3 $18 Bb5 28. h3) 27... Ng4 $2 (27... Bg4 $1 $11 {und Schwarz ist OK.} 28. Bxg4 Nxg4 29. Qh8+ Kf5) 28. Qh8+ Kf5 29. Qc3 {[%emt 0:02:32] Gegen Qd3 gerichtet.} (29. Qxh7 {ist ein Selbstmatt.} Qd3 30. Bxg4+ Bxg4) (29. Qd4 $18 {ist viel giftiger.} Qe4 30. Qxd6) 29... Qe4 $2 {[%emt 0:03:36] [#]} (29... Qd3 $16 30. Qxd3+ Bxd3) 30. Bxg4+ $2 ({Weiss braucht} 30. Qd2 $1 $18 Bf3 31. Bf1 (31. Qxd6 $2 {wird mattgesetzt.} Qe1+ 32. Bf1 Qxf2#)) 30... Kxg4 $11 31. Qe3 {[%emt 0:00:33] Tanz auf der Rasierklinge.} Qxe3 32. Bxe3 d5 33. Rd8 Bf3 {[%emt 0:00:19] Gewichteter Fehlerwert: Weiß=0.78/Schwarz=0.77.  Verlustzug:     	---       	Schwarz=2     Gewinn verpasst:   	Weiß=2     	---        Fehler:       	Weiß=1     	Schwarz=3     Ungenau:       	Weiß=1     	Schwarz=3     OK:         	Weiß=7     	Schwarz=5     Bester:       	Weiß=3     	Schwarz=2     Stark:        	Weiß=1     	---        Brilliant:      	Weiß=1     	---} 1/2-1/2

[Event "Czech Youth U14 Boys 2024"]
[Site "Kouty nad Desnou"]
[Date "2024.03.11"]
[Round "4.3"]
[White "Vana, Jan"]
[Black "Martirosyan, David"]
[Result "1-0"]
[ECO "B12"]
[WhiteElo "1908"]
[BlackElo "1981"]
[Annotator "RC"]
[PlyCount "61"]
[EventDate "2024.03.10"]
[EventType "swiss"]
[EventCountry "CZE"]
[SourceTitle "playchess.com"]
[Source "ChessBase"]
[SourceQuality "1"]
[TimeControl "40/5400+30:1800+30"]

1. e4 c6 2. d4 d5 3. e5 c5 4. dxc5 e6 5. Be3 Nd7 6. Nf3 Bxc5 7. Bxc5 Nxc5 8. Qd4 Qc7 9. Nc3 a6 10. Be2 Ne7 11. O-O-O O-O 12. h4 b5 13. Bd3 Rb8 14. Kb1 b4 15. Ne2 a5 16. Ng3 Nxd3 17. Qxd3 h6 18. Nh5 Ng6 19. Qd4 Ba6 20. Rd2 Rfc8 21. Qg4 a4 22. Nxg7 Kxg7 23. h5 b3 24. hxg6 bxc2+ 25. Kc1 Rxb2 26. gxf7+ Kxf7 27. Ng5+ hxg5 28. Qh5+ Kf8 29. Qh8+ Kf7 30. Qf6+ Ke8 31. Qxe6+ 1-0

[Event "Czech Youth U14 Boys 2024"]
[Site "Kouty nad Desnou"]
[Date "2024.03.11"]
[Round "4.4"]
[White "Topencik, Bruno"]
[Black "Sotek, Simon"]
[Result "1/2-1/2"]
[ECO "C08"]
[WhiteElo "2006"]
[BlackElo "1793"]
[Annotator "RC"]
[PlyCount "60"]
[EventDate "2024.03.10"]
[EventType "swiss"]
[EventCountry "CZE"]
[SourceTitle "playchess.com"]
[Source "ChessBase"]
[SourceQuality "1"]
[TimeControl "40/5400+30:1800+30"]

1. e4 e6 2. d4 d5 3. Nd2 c5 4. exd5 exd5 5. Ngf3 c4 6. Be2 Bd6 7. O-O Nc6 8. b3 b5 9. a4 Qa5 10. Re1 Nge7 11. Nf1 Bg4 12. Bd2 c3 13. axb5 cxd2 14. N1xd2 Qc7 15. bxc6 O-O 16. h3 Bh5 17. c4 dxc4 18. bxc4 Nxc6 19. Qa4 Bb4 20. d5 Bxf3 21. Bxf3 Bxd2 22. Red1 Nd4 23. Rxd2 Nxf3+ 24. gxf3 Qe5 25. Qd1 Qg5+ 26. Kh1 Qh6 27. Kg2 Qg5+ 28. Kh1 Qh6 29. Kg2 Qg5+ 30. Kh1 Qh6 1/2-1/2

[Event "Czech Youth U14 Boys 2024"]
[Site "Kouty nad Desnou"]
[Date "2024.03.11"]
[Round "4.5"]
[White "Kutil, Adam"]
[Black "Roubal, Matyas"]
[Result "1/2-1/2"]
[ECO "B30"]
[WhiteElo "1820"]
[BlackElo "1849"]
[Annotator "NA"]
[PlyCount "68"]
[EventDate "2024.03.10"]
[EventType "swiss"]
[EventCountry "CZE"]
[SourceTitle "playchess.com"]
[Source "ChessBase"]
[SourceQuality "1"]
[TimeControl "40/5400+30:1800+30"]

1. e4 c5 2. Nf3 Nc6 3. d3 g6 4. g3 Bg7 5. Bg2 e6 6. Nbd2 Nge7 7. O-O d5 8. c3 O-O 9. Re1 dxe4 10. dxe4 Qc7 11. Qc2 e5 12. Nf1 h6 13. Be3 b6 14. Rad1 Be6 15. Bc1 Rad8 16. Ne3 c4 17. Nd2 $14 Na5 18. Ndf1 Nb7 19. Rxd8 Rxd8 20. Rd1 Nc5 21. Rxd8+ Qxd8 22. Nd1 f5 23. f3 Nd3 24. Bd2 Nc6 25. Nf2 Na5 26. Ne3 f4 27. Ned1 g5 28. Bf1 Nc5 29. Bh3 Bxh3 30. Nxh3 b5 31. Kg2 Qa8 32. Nhf2 h5 33. g4 h4 34. Be1 Qd8 1/2-1/2

[Event "Czech Youth U14 Boys 2024"]
[Site "Kouty nad Desnou"]
[Date "2024.03.11"]
[Round "4.6"]
[White "Srba, Daniel"]
[Black "Kroulik, Vaclav"]
[Result "0-1"]
[ECO "B66"]
[WhiteElo "1742"]
[BlackElo "1936"]
[Annotator "RC"]
[PlyCount "56"]
[EventDate "2024.03.10"]
[EventType "swiss"]
[EventCountry "CZE"]
[SourceTitle "playchess.com"]
[Source "ChessBase"]
[SourceQuality "1"]
[TimeControl "40/5400+30:1800+30"]

1. e4 c5 2. Nf3 d6 3. d4 cxd4 4. Nxd4 Nf6 5. Nc3 Nc6 6. Bg5 e6 7. Qd2 a6 8. O-O-O h6 9. Bh4 Nxe4 10. Nxc6 Qxh4 11. Qd4 Qf4+ 12. Kb1 Nxc3+ 13. bxc3 Qxd4 14. Nxd4 Bd7 15. g3 Rc8 16. Bg2 Rc7 17. Rhe1 Be7 18. f4 O-O 19. Re3 Rfc8 20. Kb2 Bf6 21. Rd2 b5 22. a3 a5 23. Ne2 d5 24. Kb3 Rc4 25. Bf1 a4+ 26. Kb2 b4 27. axb4 Rxb4+ 28. Ka3 Rb1 0-1

[Event "Czech Youth U14 Boys 2024"]
[Site "Kouty nad Desnou"]
[Date "2024.03.11"]
[Round "4.7"]
[White "Krivka, Matej"]
[Black "Migalko, Dmitriy"]
[Result "1-0"]
[ECO "A06"]
[WhiteElo "1850"]
[BlackElo "1896"]
[Annotator "NA RC"]
[PlyCount "63"]
[EventDate "2024.03.10"]
[EventType "swiss"]
[EventCountry "CZE"]
[SourceTitle "playchess.com"]
[Source "ChessBase"]
[SourceQuality "1"]
[TimeControl "40/5400+30:1800+30"]

1. Nf3 d5 2. g3 Nf6 3. Bg2 e6 4. O-O Be7 5. c4 O-O 6. d4 dxc4 7. Ne5 Nc6 8. Nxc6 bxc6 9. Qc2 {[%emt 0:07:06] E05: Open Catalan: 5 Nf3 Be7.} Ba6 (9... Qxd4 {might be stronger.} 10. Be3 Qe5) 10. Rd1 Nd5 11. Na3 (11. a3 $11) 11... Bxa3 12. bxa3 f5 13. e4 fxe4 14. Bxe4 h6 15. Bd2 (15. Bxh6 $5 Qf6 (15... gxh6 16. Bxd5 exd5 17. Qg6+ Kh8 18. Qxh6+ Kg8 19. Qg6+ Kh8 20. Qh6+ Kg8 21. Qg6+ Kh8 22. Qh6+ $11) 16. Be3 $11) 15... Rb8 16. Rab1 Qe7 17. Rxb8 Rxb8 18. Re1 Qf6 $1 ({Much weaker is} 18... Qxa3 19. Bxh6 Qc3 (19... gxh6 20. Bxd5 Qd3 21. Bxe6+ Kg7 22. Qc1 $16) 20. Bh7+ Kh8 21. Bxg7+ (21. Rxe6 $2 {loses.} Qxc2 22. Bxc2 gxh6 $19) 21... Kxg7 22. Qg6+ Kh8 23. Qxe6 $11) 19. Be3 (19. Bb4 $15) 19... Kh8 20. h4 (20. Qa4 $11 Rb6 21. Qa5) 20... Qf8 21. Bc1 Qd6 (21... Bb5 $15) 22. Bg2 c3 23. Bh3 Re8 24. Qg6 Re7 25. Rxe6 (25. Re5 $14 {sieht stärker aus.} Qd8 (25... c5 $2 26. Bxh6 $18) 26. a4 (26. Bxe6 Qe8 $11) (26. Rxe6 Bc8 $15)) 25... Rxe6 26. Bxe6 $11 Ne7 27. Qe4 Bd3 28. Qxd3 Qxe6 29. Qxc3 Qxa2 30. Qc5 Qe6 31. Qe5 Qd6 32. Bf4 1-0

[Event "Czech Youth U14 Boys 2024"]
[Site "Kouty nad Desnou"]
[Date "2024.03.11"]
[Round "4.8"]
[White "Stary, Vojtech"]
[Black "Komarek, Tobias"]
[Result "0-1"]
[ECO "A30"]
[WhiteElo "1950"]
[BlackElo "1822"]
[Annotator "RC"]
[PlyCount "100"]
[EventDate "2024.03.10"]
[EventType "swiss"]
[EventCountry "CZE"]
[SourceTitle "playchess.com"]
[Source "ChessBase"]
[SourceQuality "1"]
[TimeControl "40/5400+30:1800+30"]

1. c4 c5 2. Nf3 Nc6 3. d4 cxd4 4. Nxd4 g6 5. g3 Bg7 6. Nc2 Nf6 7. Bg2 d6 8. Nc3 O-O 9. O-O Be6 10. b3 Nd7 11. Bb2 Nc5 12. Qd2 a6 13. Ne3 Qc8 14. Rfd1 Bh3 15. Ned5 Bxg2 16. Kxg2 Nd7 17. e4 Qd8 18. Ne2 Bxb2 19. Qxb2 Nb6 20. Rac1 Nxd5 21. exd5 Ne5 22. Nd4 Nd7 23. f4 Qc8 24. f5 Ne5 25. Qd2 Kg7 26. Rf1 b6 27. Qg5 f6 28. Qe3 Qb7 29. Ne6+ Kg8 30. fxg6 hxg6 31. Rf4 Rf7 32. Rcf1 b5 33. Rh4 Rh7 34. Rxh7 Kxh7 35. Rf4 bxc4 36. Rh4+ Kg8 37. bxc4 Nxc4 38. Rh8+ Kf7 39. Rh7+ Ke8 40. Ng7+ Kf8 41. Qh6 Qxd5+ 42. Kh3 Kg8 43. Qxg6 Qg5 44. Qb1 f5 45. Rh4 Kxg7 46. Rxc4 Rh8+ 47. Kg2 Qd2+ 48. Kf1 Rxh2 49. Qa1+ e5 50. Rc7+ Kf6 0-1

[Event "Czech Youth U14 Boys 2024"]
[Site "Kouty nad Desnou"]
[Date "2024.03.11"]
[Round "4.9"]
[White "Svadlenka, Dominik"]
[Black "Pogorelskiy, Boris"]
[Result "0-1"]
[ECO "D53"]
[WhiteElo "1888"]
[BlackElo "1747"]
[Annotator "NA RC"]
[PlyCount "104"]
[EventDate "2024.03.10"]
[EventType "swiss"]
[EventCountry "CZE"]
[SourceTitle "playchess.com"]
[Source "ChessBase"]
[SourceQuality "1"]
[TimeControl "40/5400+30:1800+30"]

1. d4 Nf6 2. c4 e6 3. Nc3 d5 4. Bg5 Be7 5. e3 Nbd7 6. cxd5 exd5 7. Bd3 h6 8. Bf4 c6 {[%emt 0:02:02] D35: Queen's Gambit Declined: Exchange Variation.} 9. h3 O-O 10. Nf3 Nb6 11. Qc2 Re8 12. O-O Be6 13. Bh2 Nc8 14. Na4 Bd6 15. Nc5 Bxh2+ 16. Kxh2 Qc7+ 17. Kg1 Nd7 (17... Nd6 $11) 18. b4 Nd6 19. Nxd7 Qxd7 20. Ne5 Qc8 21. Rfc1 a6 22. a4 Bf5 23. Rab1 Bxd3 24. Qxd3 Qe6 25. Nf3 Rec8 26. Nd2 Qd7 27. Rc2 Rc7 28. Rbc1 Rac8 $11 29. Qc3 Qe7 30. Qc5 Qe6 31. Qc3 Ne4 32. Nxe4 Qxe4 33. Qb3 Qe7 34. Rc5 Qd6 35. Qc3 b6 36. Qd3 bxc5 37. bxc5 Qd7 38. a5 Rb8 39. Qe2 Rb5 40. Ra1 Rcb7 41. Qd3 Qc7 42. e4 Rb3 43. Qc2 Rb2 44. Qd3 R7b3 45. Qf1 dxe4 46. Re1 Qf4 47. Ra1 e3 48. f3 Qxd4 49. Qxa6 e2+ 50. Kh2 Qe5+ 51. f4 Qxf4+ 52. Kh1 Rb1+ 0-1

[Event "Czech Youth U14 Boys 2024"]
[Site "Kouty nad Desnou"]
[Date "2024.03.11"]
[Round "4.10"]
[White "Macosek, Alex"]
[Black "Gregor, Alexandr"]
[Result "1-0"]
[ECO "A45"]
[WhiteElo "1781"]
[BlackElo "1777"]
[Annotator "NA RC"]
[PlyCount "33"]
[EventDate "2024.03.10"]
[EventType "swiss"]
[EventCountry "CZE"]
[SourceTitle "playchess.com"]
[Source "ChessBase"]
[SourceQuality "1"]
[TimeControl "40/5400+30:1800+30"]

1. d4 Nf6 2. Bf4 d5 3. e3 e6 4. Nd2 Bd6 5. Bg3 O-O 6. Bd3 b6 7. Ngf3 Bb7 8. O-O Bxg3 9. hxg3 Nbd7 10. c3 c5 11. Re1 cxd4 12. exd4 a6 13. Ne5 b5 14. Ndf3 Nb6 15. Qb1 Qd6 16. Ng5 h6 17. Bh7+ 1-0

[Event "Czech Youth U14 Boys 2024"]
[Site "Kouty nad Desnou"]
[Date "2024.03.11"]
[Round "4.11"]
[White "Jezek, Jakub"]
[Black "Stara, Zuzana"]
[Result "0-1"]
[ECO "D02"]
[WhiteElo "1854"]
[BlackElo "1807"]
[Annotator "NA RC"]
[PlyCount "102"]
[EventDate "2024.03.10"]
[EventType "swiss"]
[EventCountry "CZE"]
[SourceTitle "playchess.com"]
[Source "ChessBase"]
[SourceQuality "1"]
[TimeControl "40/5400+30:1800+30"]

1. d4 d5 2. Nf3 Nf6 3. g3 c5 4. Bg2 e6 5. O-O Nc6 6. Bg5 h6 7. Bxf6 Qxf6 8. c3 Bd6 9. Qd3 {[%emt 0:10:21] D02: 1 d4 d5 2 Nf3 sidelines, including 2...Nf6 3 g3 and 2...Nf6 3 Bf4.} O-O 10. Nbd2 Bd7 11. e4 c4 12. Qc2 Qd8 13. e5 Be7 14. Ne1 f5 15. exf6 Bxf6 16. f4 Ne7 17. Nef3 b5 18. Ne5 Bxe5 19. fxe5 Qb6 20. Nf3 Nf5 21. Qd2 a5 22. g4 Ne7 23. g5 h5 24. Nh4 Rxf1+ 25. Rxf1 Be8 26. Qf2 Ng6 27. Nf5 Qd8 28. Nd6 Qe7 29. Qg3 b4 30. Nxc4 Bb5 31. Nb6 Bxf1 32. Nxd5 Qf7 33. Nf6+ gxf6 34. Bxa8 fxe5 35. Be4 Bc4 36. Qf3 Qxf3 37. Bxf3 exd4 38. Bxh5 Nf4 39. Bd1 bxc3 40. bxc3 dxc3 41. Kf2 $19 Nd5 42. Ke1 Ne3 43. Ba4 Kg7 44. h4 e5 45. h5 e4 46. Bc6 Bd3 47. Bd7 Nc2+ 48. Kd1 e3 49. Bg4 Nd4 50. a3 c2+ 51. Kc1 Nb3+ 0-1

[Event "Czech Youth U14 Boys 2024"]
[Site "Kouty nad Desnou"]
[Date "2024.03.11"]
[Round "4.12"]
[White "Trcalek, Filip"]
[Black "Lorenc, Matej"]
[Result "1-0"]
[ECO "C05"]
[WhiteElo "1615"]
[BlackElo "1637"]
[Annotator "NA RC"]
[PlyCount "59"]
[EventDate "2024.03.10"]
[EventType "swiss"]
[EventCountry "CZE"]
[SourceTitle "playchess.com"]
[Source "ChessBase"]
[SourceQuality "1"]
[TimeControl "40/5400+30:1800+30"]

1. e4 e6 2. d4 d5 3. Nd2 Nf6 4. e5 Nfd7 5. Bd3 c5 6. c3 Nc6 7. Ne2 Qb6 8. Nf3 h6 9. O-O Qc7 10. Re1 Nb6 11. Qc2 c4 12. Bh7 g6 13. Bxg6 fxg6 14. Qxg6+ Qf7 15. Qxf7+ Kxf7 16. Nf4 Ne7 17. Nh4 Rg8 18. g3 Ke8 19. Nh5 Kd8 20. Nf6 Rh8 21. Re3 Nd7 22. Nh5 Rg8 23. Rf3 Ng6 24. Nxg6 Rxg6 25. Nf4 Rg8 26. Nxe6+ Ke7 27. Nc7 Rb8 28. Nxd5+ Kd8 29. e6 Nb6 30. Rxf8+ 1-0

[Event "Czech Youth U14 Boys 2024"]
[Site "Kouty nad Desnou"]
[Date "2024.03.12"]
[Round "5.1"]
[White "Soucek, Andrej"]
[Black "Popov, Roman"]
[Result "1/2-1/2"]
[ECO "A40"]
[WhiteElo "1825"]
[BlackElo "2353"]
[Annotator "TA"]
[PlyCount "65"]
[EventDate "2024.03.10"]
[EventType "swiss"]
[EventCountry "CZE"]
[SourceTitle "playchess.com"]
[Source "ChessBase"]
[SourceQuality "1"]
[TimeControl "40/5400+30:1800+30"]

1. d4 Nf6 2. c4 e6 3. g3 Bb4+ 4. Bd2 Qe7 5. Bg2 Nc6 6. Nf3 Bxd2+ 7. Qxd2 Ne4 8. Qc2 Qb4+ 9. Nbd2 (9. Kf1 $11) 9... Nxd2 $15 10. Qxd2 Qxc4 11. O-O O-O 12. h4 (12. Rfc1 $11 {deserves consideration.} Qa4 13. e4) 12... Qb4 13. Qd3 Qe7 (13... Qxb2 $2 {loses.} 14. Rfb1 Nb4 15. Qc4 $18 (15. Rxb2 Nxd3 16. exd3 b6 $18)) 14. e4 d6 15. Rac1 e5 16. Rfe1 a5 17. Qc4 exd4 18. Nxd4 Bd7 ({Better is} 18... Nxd4 $15 19. Qxd4 c6) 19. e5 $11 dxe5 (19... Nxe5 {is more complex.} 20. Qxc7 Qf6 21. Rf1 Rac8) 20. Nxc6 Bxc6 21. Bxc6 bxc6 22. Qxc6 f6 23. Qxc7 {[%emt 0:00:14] The position is equal.} Qxc7 24. Rxc7 {[%emt 0:00:01][%mdl 4096] Endgame. KRR-KRR} Rfc8 25. Rec1 Rxc7 26. Rxc7 {[%emt 0:00:02] KR-KR} Rb8 27. Ra7 Rxb2 28. Rxa5 Kf7 29. Ra7+ Kg6 30. a4 Ra2 31. a5 Ra3 32. a6 h5 33. Kg2 {[%emt 0:00:55] Weighted Error Value: White=0.12 (very precise) /Black=0.12 (very precise) .  Mistake:       	White=1     	Black=1      Inaccurate:     	White=1     	Black=2      OK:         	White=5     	Black=12     Best:        	White=1     	Black=3} 1/2-1/2

[Event "Czech Youth U14 Boys 2024"]
[Site "Kouty nad Desnou"]
[Date "2024.03.12"]
[Round "5.2"]
[White "Mydlar, Matej"]
[Black "Svadlenka, Michal"]
[Result "1/2-1/2"]
[ECO "B78"]
[WhiteElo "1819"]
[BlackElo "1869"]
[Annotator "NA RC"]
[PlyCount "64"]
[EventDate "2024.03.10"]
[EventType "swiss"]
[EventCountry "CZE"]
[SourceTitle "playchess.com"]
[Source "ChessBase"]
[SourceQuality "1"]
[TimeControl "40/5400+30:1800+30"]

1. e4 c5 2. Nf3 d6 3. d4 cxd4 4. Nxd4 Nf6 5. Nc3 g6 6. Be3 Bg7 7. f3 O-O 8. Bc4 Bd7 9. Qd2 Nc6 10. O-O-O Rb8 11. h4 b5 12. Bb3 Ne5 13. h5 Nc4 14. Bxc4 bxc4 15. Nd5 {[%emt 0:01:35] B78: Sizilianisch (Moderne Drachen-Variante).} (15. Kb1 $14 {stays ahead.}) 15... Nxd5 16. exd5 {[#]} c3 17. Qxc3 Qb6 18. b3 a5 (18... Rbc8 $14 19. Qd2 Rfe8 20. hxg6 fxg6) 19. hxg6 fxg6 20. Qd2 Qc5 21. Bh6 Bxh6 22. Qxh6 Rf7 23. Ne6 Qa3+ 24. Kb1 a4 25. Qc1 (25. Rd3 $142) 25... Qb4 (25... Qxc1+ $16 {is a better defense.} 26. Kxc1 axb3 27. cxb3 (27. axb3 Bxe6 28. dxe6 Rf5 $16) 27... Bxe6) 26. Rd4 Qb6 27. Rg4 (27. Qd2 $18) 27... axb3 28. axb3 (28. cxb3 $16 Qa5 29. Rd4) 28... Qa5 $1 {[%emt 0:02:06] [#]} 29. Rxg6+ hxg6 30. Qh6 $11 Qc3 31. Qxg6+ Rg7 32. Qh5 Rxb3+ 1/2-1/2

[Event "Czech Youth U14 Boys 2024"]
[Site "Kouty nad Desnou"]
[Date "2024.03.12"]
[Round "5.3"]
[White "Kroulik, Vaclav"]
[Black "Vana, Jan"]
[Result "1-0"]
[ECO "B31"]
[WhiteElo "1936"]
[BlackElo "1908"]
[Annotator "RC"]
[PlyCount "117"]
[EventDate "2024.03.10"]
[EventType "swiss"]
[EventCountry "CZE"]
[SourceTitle "playchess.com"]
[Source "ChessBase"]
[SourceQuality "1"]
[TimeControl "40/5400+30:1800+30"]

1. e4 c5 2. Nf3 Nc6 3. Bb5 g6 4. Bxc6 dxc6 5. d3 Bg7 6. h3 Qc7 7. O-O e5 8. Be3 b6 9. Nc3 f5 10. exf5 gxf5 11. Re1 Ne7 12. Bg5 O-O 13. Qd2 Ng6 14. h4 Qd6 15. Re2 c4 16. h5 Nf4 17. Bxf4 exf4 18. d4 Bd7 19. Rae1 Rae8 20. Ne5 c5 21. dxc5 Qxd2 22. Rxd2 Bc8 23. Nf3 Rxe1+ 24. Nxe1 bxc5 25. Rd5 Bd4 26. Nf3 Bb7 27. Rd7 Bxf3 28. gxf3 Rb8 29. Na4 Bxb2 30. Nxc5 Ba3 31. Ne6 a5 32. Rg7+ Kh8 33. Rc7 Kg8 34. Rxc4 Rb2 35. Rxf4 Rxc2 36. Rxf5 Bb4 37. a3 Bxa3 38. Rxa5 Bd6 39. Rd5 Be7 40. Nf4 Rc4 41. Rf5 Rc2 42. Kg2 Bh4 43. Nh3 Kg7 44. f4 Ra2 45. Kf3 Rb2 46. Rd5 Kh6 47. Kg4 Bxf2 48. Rd7 Ra2 49. Ng5 Ra7 50. Rd6+ Kg7 51. h6+ Kf8 52. Rd8+ Ke7 53. Rh8 Ra5 54. Rxh7+ Kf8 55. Rf7+ Ke8 56. Rb7 Ra8 57. Rg7 Ra6 58. h7 Rh6 59. Rg8+ 1-0

[Event "Czech Youth U14 Boys 2024"]
[Site "Kouty nad Desnou"]
[Date "2024.03.12"]
[Round "5.4"]
[White "Martirosyan, David"]
[Black "Topencik, Bruno"]
[Result "1/2-1/2"]
[ECO "D63"]
[WhiteElo "1981"]
[BlackElo "2006"]
[Annotator "RC"]
[PlyCount "60"]
[EventDate "2024.03.10"]
[EventType "swiss"]
[EventCountry "CZE"]
[SourceTitle "playchess.com"]
[Source "ChessBase"]
[SourceQuality "1"]
[TimeControl "40/5400+30:1800+30"]

1. Nf3 Nf6 2. c4 e6 3. Nc3 d5 4. d4 Be7 5. Bg5 O-O 6. e3 Nbd7 7. Rc1 Re8 8. Bd3 a6 9. b3 dxc4 10. bxc4 c5 11. O-O cxd4 12. exd4 b6 13. Na4 Bb7 14. c5 bxc5 15. Nxc5 Nxc5 16. dxc5 Rc8 17. c6 Rxc6 18. Rxc6 Bxc6 19. Bxa6 Qa5 20. Bxf6 Bxf6 21. Bc4 Rd8 22. Qb3 Qa7 23. h3 h6 24. Qe3 Qb7 25. Re1 Rc8 26. Qd3 Rd8 27. Qb3 Qa8 28. Rb1 Kh8 29. Qe3 Rc8 30. Rc1 Rd8 1/2-1/2

[Event "Czech Youth U14 Boys 2024"]
[Site "Kouty nad Desnou"]
[Date "2024.03.12"]
[Round "5.5"]
[White "Roubal, Matyas"]
[Black "Krivka, Matej"]
[Result "0-1"]
[ECO "B56"]
[WhiteElo "1849"]
[BlackElo "1850"]
[Annotator "NA RC"]
[PlyCount "96"]
[EventDate "2024.03.10"]
[EventType "swiss"]
[EventCountry "CZE"]
[SourceTitle "playchess.com"]
[Source "ChessBase"]
[SourceQuality "1"]
[TimeControl "40/5400+30:1800+30"]

1. e4 c5 2. Nf3 d6 3. d4 cxd4 4. Nxd4 Nf6 5. Nc3 Nc6 6. f3 e5 7. Nb3 Be7 8. Be3 O-O 9. Qd2 a5 10. Bb5 Be6 11. Nd5 {[%emt 0:01:10] B56: Classical Sicilian: Unusual Lines.} Bxd5 12. exd5 Nb8 13. Be2 (13. a4 $14) 13... Nbd7 (13... a4 $142 14. Nc1 Nbd7) 14. c4 (14. a4 $14 {bleibt weiter vorne.}) 14... b6 (14... a4 $15 15. Nc1 b5) 15. O-O Nc5 16. Nxc5 bxc5 17. b3 Nd7 18. f4 f5 19. Qc2 (19. Rae1 $11) 19... e4 20. Bd2 Bf6 21. Bc3 (21. Rab1 $142) 21... Bd4+ 22. Kh1 Qh4 23. Qb2 Qf6 24. Rac1 a4 25. Rfd1 axb3 26. axb3 Bxc3 27. Rxc3 Rfb8 28. Rc2 Qxb2 29. Rxb2 Rb4 30. Rc1 Rab8 31. Bd1 $1 Nb6 32. Ra2 Nc8 33. Kg1 Kf7 34. Kf2 Kf6 35. Ke3 g5 (35... h6 $11) 36. g4 $2 (36. fxg5+ $1 $14 {keeps the upper hand.} Ke5 (36... Kxg5 37. h4+ Kf6 38. Kf4 $14) 37. g3) 36... Ne7 $2 (36... Rxb3+ $1 $19 {has better winning chances.} 37. Bxb3 Rxb3+ 38. Kd2 gxf4) 37. Rf2 gxf4+ 38. Kxf4 $2 (38. Rxf4 {was the only chance.} Ke5 39. Rc3) 38... Ng6+ 39. Ke3 Rxb3+ 40. Bxb3 Rxb3+ 41. Ke2 $19 Rb2+ 42. Kf1 Rxf2+ 43. Kxf2 f4 44. h3 Ke5 45. h4 e3+ 46. Ke2 Ke4 47. h5 f3+ 48. Kf1 Nf4 0-1

[Event "Czech Youth U14 Boys 2024"]
[Site "Kouty nad Desnou"]
[Date "2024.03.12"]
[Round "5.6"]
[White "Sotek, Simon"]
[Black "Kutil, Adam"]
[Result "1/2-1/2"]
[ECO "B41"]
[WhiteElo "1793"]
[BlackElo "1820"]
[Annotator "NA RC"]
[PlyCount "96"]
[EventDate "2024.03.10"]
[EventType "swiss"]
[EventCountry "CZE"]
[SourceTitle "playchess.com"]
[Source "ChessBase"]
[SourceQuality "1"]
[TimeControl "40/5400+30:1800+30"]

1. e4 c5 2. Nf3 e6 3. d4 cxd4 4. Nxd4 a6 5. g3 Qc7 6. Bg2 {[%emt 0:00:26] B41: Sicilian: Kan Variation: 5 c4.} Nc6 7. Nxc6 dxc6 8. Be3 Nf6 9. O-O e5 10. c3 Ng4 11. Qe2 Nxe3 12. Qxe3 Be6 13. Nd2 Be7 14. Nb3 c5 15. Rac1 b5 16. Nd2 c4 17. Kh1 O-O 18. f4 Bc5 19. Qe2 f6 20. fxe5 fxe5 21. b3 Ba7 22. bxc4 bxc4 23. Rxf8+ Rxf8 24. Rf1 Rxf1+ 25. Bxf1 {[%emt 0:06:08] [#]} Qc5 $2 ({Besser ist} 25... Qb6 $1 $19 26. Nf3 g5) 26. Nf3 Kh8 27. Qd1 (27. h4 $11 {remains equal.}) 27... h6 28. Qe2 Bg4 29. Kg2 Be6 30. Qd2 Bb6 31. Qe2 a5 32. Qd2 a4 33. Qe2 Ba5 34. Qd2 Kh7 35. Qe2 Kg8 36. Qd2 Kf8 37. Qb2 Bb6 38. Qe2 Ke7 39. Qd2 Qb5 40. Qe2 Qc5 41. Qd2 $19 a3 42. Qe2 Ba5 43. Qd2 Qb5 44. Qe3 Qb2+ 45. Kh1 Qxc3 46. Qc5+ Kf6 47. Qf8+ Bf7 48. Qd6+ Be6 1/2-1/2